 Dungeon Crawl Stone Soup version 0.17.0-28-g6e173f8 (webtiles) character file.

282 Leibowitz the Cutter (level 6, -2/57 HPs)
             Began as a Kobold Fighter on Nov 22, 2015.
             Was a Follower of Trog.
             Killed by nerve-wracking pain
             ... invoked by a shadow imp
             ... summoned by Eustachio
              (3 damage)
             ... on level 4 of the Dungeon.
             The game lasted 00:11:55 (3313 turns).

Leibowitz the Cutter (Kobold Fighter)               Turns: 3313, Time: 00:11:55

Health: -2/57      AC:  6    Str: 18 (19) XL:     6   Next: 53%
Magic:  6/6        EV: 13    Int:  6      God:    Trog [*.....]
Gold:   211        SH:  9    Dex: 15 (18) Spells: 0 memorised, 5 levels left

rFire  . . .     SeeInvis .     a - +1 rapier
rCold  . . .     Clarity  .     q - +0 leather armour
rNeg   . . .     SustAt   .     c - +0 shield
rPois  .         Gourm    .     (no helmet)
rElec  .         Spirit   .     j - +1 cloak
rCorr  .         Warding  .     (no gloves)
rMut   .         Stasis   .     n - +0 pair of boots
MR     .....                    (no amulet)
Stlth  ..........               (no ring)
                                (no ring)

@: berserking (expiring), very quick, not resistant to hostile enchantments,
extremely unstealthy
A: carnivore 3
a: Berserk, Burn Spellbooks, Renounce Religion


You were on level 4 of the Dungeon.
You worshipped Trog.
Trog was aware of your devotion.
You were completely stuffed.

You visited 1 branch of the dungeon, and saw 4 of its levels.

You collected 211 gold pieces.

Inventory:

Hand Weapons
 a - a +1 rapier (weapon)
Armour
 c - a +0 shield (worn)
 j - a +1 cloak (worn)
 n - a +0 pair of boots (worn)
 q - a +0 leather armour (worn)
Scrolls
 b - 2 scrolls of identify
 d - 3 scrolls of remove curse
 e - a scroll of fog
 h - a scroll of enchant weapon
 k - a scroll of blinking
 m - a scroll of teleportation
Potions
 g - a potion of might
Comestibles
 f - 2 meat rations


   Skills:
 + Level 4.0 Fighting
 + Level 4.0 Short Blades
 + Level 2.7 Armour
 + Level 3.4 Dodging
 * Level 3.7 Stealth
 + Level 3.2 Shields


You had 5 spell levels left.
You didn't know any spells.

Dungeon Overview and Level Annotations

Branches:
Dungeon (4/15)
 Temple: D:4-7

Altars:
Ashenzari
Trog

Annotations:
D:4 Eustachio


Innate Abilities, Weirdness & Mutations

You are small and have problems with some larger weapons.
You are carnivorous and can eat meat at any time.


Message History

You puncture the rat!
You kill the rat!
The rat's corpse disappears in a puff of smoke!
The bat completely misses you.
The shadow imp hits you but does no damage.
You block the river rat's attack.
The quasit bites you but does no damage.
The quasit claws you but does no damage.
The quasit barely misses you.
You barely miss Eustachio.
Eustachio is severely wounded.
The bat barely misses you. The bat closely misses you.
The quasit barely misses you. You block the quasit's attack.
The quasit claws you.
* * * LOW HITPOINT WARNING * * *
You feel clumsy. You block Eustachio's attack. The shadow imp gestures at you.
Pain shoots through your body!
You die...

.#. .... ...# .# ...#
.. ...#
#.######...####
.##...r@5.<...... #.
......b5@........ .
.##..........$... .
....####.#...#.## #
.## #.#...# ####
#.#...#.# #...
#.#...#.# #.##
#.#...#.# #.##
#####.......######.##


You could see Eustachio, a quasit, a river rat, a shadow imp and a bat.

Vanquished Creatures
  2 orc wizards (D:3)
  A giant frog zombie (D:3)
  10 adders
  An ooze (D:2)
  4 worms
  3 giant geckos (D:1)
  8 orcs (D:3)
  7 bats
  9 goblins
  6 hobgoblins
  3 quokkas
  3 ball pythons
  2 giant cockroaches (D:2)
  5 giant newts
  4 jackals (D:1)
  7 kobolds
  A quokka skeleton (D:4)
  16 rats
92 creatures vanquished.

Notes
Turn   | Place    | Note
--------------------------------------------------------------
     0 | D:1      | Leibowitz the Kobold Fighter began the quest for the Orb.
     0 | D:1      | Reached XP level 1. HP: 14/14 MP: 1/1
   140 | D:1      | Reached XP level 2. HP: 12/19 MP: 2/2
   278 | D:1      | Found a shattered altar of Ashenzari.
   297 | D:1      | Reached skill level 1 in Stealth
   409 | D:1      | Reached XP level 3. HP: 16/23 MP: 3/3
   446 | D:1      | Reached skill level 1 in Dodging
  1011 | D:2      | Reached XP level 4. HP: 28/28 MP: 4/4
  1272 | D:2      | Reached XP level 5. HP: 30/32 MP: 5/5
  1353 | D:2      | Noticed a moth of wrath
  1356 | D:2      | Found a bloodstained altar of Trog.
  1673 | D:2      | Became a worshipper of Trog the Wrathful
  2201 | D:3      | Reached XP level 6. HP: 18/38 MP: 6/6
  2390 | D:3      | HP: 1/38 [orc/trident (3)]
  2392 | D:3      | Reached * piety under Trog
  2786 | D:3      | Reached skill level 4 in Short Blades
  3217 | D:4      | Noticed Eustachio
  3313 | D:4      | HP: 1/57 [quasit[Eustachio] (2)]
  3313 | D:4      | Killed from afar by a shadow imp

Action                   |  1- 3 |  4- 6 || total
-------------------------+-------+-------++-------
Melee: Rapier            |   157 |   280 ||   437
Invok: Berserk           |       |     1 ||     1
  Use: Potion            |       |     8 ||     8
       Scroll            |       |     7 ||     7
 Stab: Sleeping          |       |     7 ||     7
  Eat: Chunk             |     8 |     9 ||    17
